 Dungeon Crawl Stone Soup version 0.21-a0-265-gb353147 (webtiles) character file.

110 unfun the Ruffian (level 4, -4/45 HPs)
             Began as a Troll Monk on Sept 11, 2017.
             Slain by an orc warrior
             ... wielding a +0 short sword
              (20 damage)
             ... on level 3 of the Dungeon.
             The game lasted 00:03:00 (1906 turns).

unfun the Ruffian (Troll Monk)                      Turns: 1906, Time: 00:03:01

Health: -4/45      AC:  6    Str: 20    XL:     4   Next: 61%
Magic:  3/3        EV: 10    Int:  6    God:
Gold:   119        SH:  0    Dex: 12    Spells: 3/3 levels left

rFire    + . .     SeeInvis .     - Unarmed
rCold    . . .     Gourm    +   (no shield)
rNeg     . . .     Faith    .   a - +1 robe
rPois    .         Spirit   .   (helmet restricted)
rElec    .         Reflect  .   (no cloak)
rCorr    .         Harm     .   (gloves unavailable)
MR       .....                  (boots unavailable)
Stlth    ++........             (no amulet)
HPRegen  0.55/turn              f - ring of protection from fire
MPRegen  0.08/turn              (no ring)

@: no status effects
A: unfitting armour, claws 3, fast metabolism 3, gourmand, regeneration 1,
shaggy fur 1, tough skin 2
a: no special abilities


You were on level 3 of the Dungeon.
You were completely stuffed.

You visited 1 branch of the dungeon, and saw 3 of its levels.

You collected 119 gold pieces.

Inventory:

Missiles
 c - 77 stones (quivered)
Armour
 a - a +1 robe (worn)
Jewellery
 f - a ring of protection from fire (left claw)
Scrolls
 h - a scroll of teleportation {unknown}
 k - a scroll of remove curse
Potions
 e - a potion of lignification
 g - a potion of flight {unknown}
 j - a potion of resistance {unknown}
Comestibles
 b - 4 bread rations
 d - 4 chunks of flesh
 i - 2 meat rations
 l - 6 fruits


   Skills:
 + Level 3.3 Fighting
 - Level 2.4 Dodging
 - Level 1.0 Stealth
 * Level 4.6 Unarmed Combat


You had 3 spell levels left.
You didn't know any spells.

Dungeon Overview and Level Annotations

Branches:
Dungeon (3/15)

Altars:
Qazlal
Sif Muna


Innate Abilities, Weirdness & Mutations

You are too large for most types of armour.
You have claws for hands.
Your metabolism is lightning-fast.
You like to eat raw meat.
Your natural rate of healing is unusually fast.
You are covered in fur. (AC +1)
You have very tough skin. (AC +2)


Message History

The orc warrior hits you with a short sword!!
* * * LOW HITPOINT WARNING * * *
Unknown command.
Unknown command.
There is a stone staircase leading up here.
An orc wizard comes into view. It is wielding a dagger.
Unknown command.
The orc wizard shouts!
You scratch the orc warrior but do no damage.
The orc warrior is almost dead.
The orc warrior barely misses you.
Unknown command.
You closely miss the orc warrior.
The orc warrior is almost dead.
The orc warrior barely misses you.
Unknown command.
You closely miss the orc warrior.
The orc warrior is almost dead.
The orc warrior hits you with a short sword!!
You die...

# #.# # ######.#######. ####### #
#.....#....>... #......
#####.####.######## #.#####
#..........# #.# #.###.####.# #.#
#.# #.# #.# ######### #.# ##
#.###.####)# #.......# #.# #.
...........# #@#####.# #.# #.
#.####.###.#####o# #.# #.# #.
#.####.....o.o.o.# #.# #.# #.
#.#......#.#####.# #.# #.####.
#.#.##.#.#.# #.#####.# #......
#.#.##.#.#.#####.......####..####
#..†..oo.....................####
###[#..#################.........
#.#..# #####.####


You could see an orc warrior and an orc.

Vanquished Creatures
  An orc priest (D:3)
  An adder (D:3)
  A dart slug (D:1)
  4 leopard geckos
  4 orcs (D:3)
  A giant cockroach (D:2)
  8 goblins
  10 hobgoblins
  4 jackals (D:3)
  7 bats
  3 frilled lizards
  7 kobolds
  7 rats
58 creatures vanquished.

Notes
Turn   | Place    | Note
-------+----------+-------------------------------------------
     0 | D:1      | unfun the Troll Monk began the quest for the Orb.
     0 | D:1      | Reached XP level 1. HP: 22/22 MP: 0/0
   268 | D:1      | Reached XP level 2. HP: 29/29 MP: 1/1
   994 | D:2      | Reached XP level 3. HP: 36/36 MP: 2/2
  1208 | D:2      | Found a stormy altar of Qazlal.
  1226 | D:2      | Reached skill level 4 in Unarmed Combat
  1260 | D:2      | Found a deep blue altar of Sif Muna.
  1318 | D:2      | Found a faded altar of an unknown god.
  1685 | D:3      | Reached XP level 4. HP: 34/45 MP: 3/3
  1880 | D:3      | Noticed an orc warrior
  1906 | D:3      | Slain by an orc warrior

Vault maps used:
D:1:      kilobyte_arrival_exit_the_forest
D:2:      kennysheep_big_flooded_room, grunt_qazlal_clouds, lemuel_doored_altar,
          first_bread, chequers_ecumenical_altar_twisty, minmay_misc_feat_rows
D:3:      serial_bayou_crossing

Skill      XL: |  1  2  3 |
---------------+----------+-----
Unarmed Combat | 4 |  4.6
Fighting       | 3 |  3.3
Dodging        | |  2.4
Stealth        | |  1.0

Action                   |  1- 3 |  4- 6 || total
-------------------------+-------+-------++-------
Melee: Unarmed           |   113 |    19 ||   132
       Punch             |     1 |       ||     1
  Use: Scroll            |     5 |     2 ||     7
 Stab: Distracted        |     1 |       ||     1
       Sleeping          |     2 |       ||     2
  Eat: Chunk             |    21 |     2 ||    23
Armor: Robe              |    50 |     4 ||    54
Dodge: Dodged            |    63 |     4 ||    67

Table legend:
 A = Spawn XP
 B = Non-spawn XP
 C = Spawn XP percentage of total XP
 D = Spawn monster count
 E = Non-spawn monster count
 F = Spawn count percentage of total count
 G = Total turns spent on level
                    A         B        C        D         E        F      G
               +---------+---------+-------+---------+---------+-------+---------
         Total |       0 |     158 |   0.0 |       0 |      58 |   0.0 |  1906
               +---------+---------+-------+---------+---------+-------+---------
           D:1 |       0 |      31 |   0.0 |       0 |      17 |   0.0 |   946
           D:2 |       0 |      37 |   0.0 |       0 |      21 |   0.0 |   527
           D:3 |       0 |      90 |   0.0 |       0 |      20 |   0.0 |   433
               +---------+---------+-------+---------+---------+-------+---------
